 Dungeon Crawl Stone Soup version 0.29-a0-563-g64e4043184 (webtiles) character file.

Game seed: 15261468398364045543

632 kae the Firebug (level 7, -6/40 HPs)
             Began as a Deep Elf Fire Elementalist on June 11, 2022.
             Engulfed by a cloud of flame (22 damage)
             ... on level 4 of the Dungeon.
             The game lasted 00:03:15 (4602 turns).

kae the Firebug (Deep Elf Fire Elementalist)        Turns: 4602, Time: 00:03:16

Health: -6/40      AC:  4    Str:  5    XL:     7   Next: 24%
Magic:  9/16       EV: 12    Int: 22    God:
Gold:   266        SH:  5    Dex: 15    Spells: 7/16 levels left

rFire   . . .      SeeInvis .   n - +2 whip (venom)
rCold   . . .      Faith    .   (no shield)
rNeg    + . .      Spirit   .   a - +1 robe
rPois   .          Reflect  +   (no helmet)
rElec   .          Harm     .   c - +0 cloak
rCorr   .          Rampage  .   (no gloves)
Will    .....                   (no boots)
Stlth   ++........              m - amulet of reflection
HPRegen 0.13/turn               i - ring of positive energy
MPRegen 0.15/turn               k - ring of wizardry

@: no status effects
A: no striking features
a: no special abilities


You were on level 4 of the Dungeon.
You visited 2 branches of the dungeon, and saw 5 of its levels.
You also visited: Sewer.

You collected 266 gold pieces.

Inventory:

Hand Weapons
 n - a +2 whip of venom (weapon)
Missiles
 o - 2 throwing nets
Armour
 a - a +1 robe (worn)
 c - a +0 cloak (worn)
Jewellery
 i - a ring of positive energy (left hand)
 k - a ring of wizardry (right hand)
 m - an amulet of reflection (around neck)
Scrolls
 j - 2 scrolls of teleportation
 l - 2 scrolls of identify
 p - a scroll of fear {unknown}
 q - a scroll of enchant armour
 r - 2 scrolls of immolation {unknown}
Potions
 b - a potion of magic
 d - 5 potions of curing
 e - 3 potions of heal wounds
 f - a potion of might
 g - 4 potions of flight
 h - 3 potions of degeneration {unknown}


   Skills:
 + Level 2.2 Fighting
 - Level 2.4 Dodging
 - Level 2.4 Stealth
 + Level 5.0 Spellcasting
 * Level 5.1 Conjurations
 * Level 5.9 Fire Magic


You had 7 spell levels left.
You knew the following spells:

 Your Spells              Type           Power      Damage    Failure   Level
a - Foxfire               Conj/Fire      100%       2x1d9     1%          1
b - Scorch                Fire           62%        2d8       1%          2
c - Conjure Flame         Conj/Fire      30%        6-21      1%          3
d - Inner Flame           Hex/Fire       18%        N/A       3%          3

Your spell library contained the following spells:

 Spells                   Type           Power      Damage    Failure   Level
 Beastly Appendage        Tmut           10%        N/A       4%          1
 Freeze                   Ice            20%        1d4       4%          1
 Flame Wave               Conj/Fire      30%        2d8       4%          4
 Wereblood                Tmut           5%         N/A       6%          2
 Frozen Ramparts          Ice            10%        1d3       12%         3
 Gell's Gravitas          Tloc           5%         N/A       12%         3
 Spider Form              Tmut/Pois      5%         N/A       12%         3
 Teleport Other           Tloc           5%         N/A       12%         3
 Hailstorm                Conj/Ice       16%        3d6       14%         4
 Dispersal                Tloc           2%         N/A       99%         6


Dungeon Overview and Level Annotations

Branches:
Dungeon (4/15)             Temple (1/1) D:4           Sewer (visited)

Altars:
Dithmenos
Elyvilon
Fedhas
Gozag
Hepliaklqana
Makhleb
Nemelex Xobeh
Okawaru
Qazlal
Ru
Sif Muna
Uskayaw
Wu Jian
Yredelemnul
Zin

Annotations:
D:4 Pargi


Message History

r - 2 scrolls labelled YMICSI DATHEXZUA (gained 1)
A lemure comes into view.
The lemure shouts!
A lemure is nearby!
A lemure is nearby!
Things that are here:
a +0 hunting sling; a +0 club; a goblin corpse
Casting: Foxfire (safe; 1% risk of failure)
Confirm with . or Enter, or press ? or * to list all spells.
Aiming: Inner Flame (dangerous; 3% risk of failure)
Press: ? - help, Dir - move target, f - lemure
Aim: a lemure (chance to affect: 73%)
The lemure is filled with an inner flame.
Casting: Inner Flame (dangerous; 3% risk of failure)
Confirm with . or Enter, or press ? or * to list all spells.
You conjure some foxfire!
The foxfire hits the lemure.
Flame seeps out of the lemure.
The lemure is lightly wounded.
The foxfire hits the lemure.
Flame seeps out of the lemure.
The lemure is lightly wounded.
The lemure is engulfed in blazing flames.
Flame seeps out of the lemure.
Casting: Foxfire (safe; 1% risk of failure)
Confirm with . or Enter, or press ? or * to list all spells.
You conjure some foxfire!
The foxfire hits the lemure.
Flame seeps out of the lemure.
The lemure is heavily wounded.
The foxfire hits the lemure but does no damage.
The lemure is heavily wounded.
The lemure is engulfed in blazing flames.
Flame seeps out of the lemure.
Casting: Foxfire (safe; 1% risk of failure)
Confirm with . or Enter, or press ? or * to list all spells.
Flames lash the lemure.
That felt strangely unrewarding.
The lemure explodes!
The fiery explosion engulfs you!!
Ouch! That really hurt!
You are engulfed in blazing flames.
Ouch! That really hurt!
You die...

#.........................#
#.........................##
...........................#
#.......................###.
#...........).........###
###..................##
#.........§○§......##
..###......§...##..#
#...##§@§......## #.#.
####..#..#.## #.###
#.###.##.# ## #.## ##.#.# #.
#### ##


There were no monsters in sight!

Vanquished Creatures
  Grinder (D:4)
  A lemure (D:4)
  2 kobold brigands (Sewer)
  Blork the orc (D:4)
  A scorpion (D:4)
  4 adders
  3 river rats
  4 worms
  2 dart slugs (D:4)
  5 orcs (D:3)
  9 endoplasms
  5 giant cockroaches
  6 goblins
  6 hobgoblins
  5 jackals
  4 quokkas
  13 ball pythons
  7 bats
  6 frilled lizards
  12 kobolds
  11 rats
108 creatures vanquished.

Vanquished Creatures (others)
  283 foxfires
283 creatures vanquished.

Grand Total: 391 creatures vanquished

Notes
Turn   | Place    | Note
-------+----------+-------------------------------------------
     0 | D:1      | kae the Deep Elf Fire Elementalist began the quest for the
                  | Orb.
     0 | D:1      | Reached XP level 1. HP: 10/10 MP: 6/6
   292 | D:1      | Reached XP level 2. HP: 15/15 MP: 5/8
   370 | D:1      | Learned a level 2 spell: Scorch
   856 | D:1      | Reached XP level 3. HP: 20/20 MP: 7/9
   860 | D:1      | Learned a level 3 spell: Conjure Flame
  1360 | D:2      | Found a faded altar of an unknown god.
  1482 | D:2      | Reached skill level 1 in Fighting
  1814 | D:2      | Reached XP level 4. HP: 25/25 MP: 9/11
  1990 | D:3      | Learned a level 3 spell: Inner Flame
  1993 | D:3      | Found a glowing drain.
  2210 | Sewer    | Entered a sewer
  2483 | Sewer    | Noticed a kobold brigand
  2486 | Sewer    | Noticed a kobold brigand
  2493 | Sewer    | Killed a kobold brigand
  2494 | Sewer    | Reached XP level 5. HP: 29/29 MP: 8/13
  2500 | Sewer    | Reached skill level 5 in Fire Magic
  2605 | Sewer    | Found a glowing silver altar of Zin.
  2993 | D:3      | Reached XP level 6. HP: 31/34 MP: 7/14
  3698 | D:4      | Found a staircase to the Ecumenical Temple.
  3714 | Temple   | Entered the Ecumenical Temple
  3853 | D:4      | Noticed Pargi
  3936 | D:4      | Noticed Grinder
  3941 | D:4      | Paralysed by Grinder for 5 turns
  3942 | D:4      | Killed Grinder
  4234 | D:4      | Reached skill level 5 in Conjurations
  4234 | D:4      | Reached XP level 7. HP: 40/40 MP: 13/16
  4282 | D:4      | Noticed Blork the orc
  4291 | D:4      | Killed Blork the orc
  4292 | D:4      | Reached skill level 5 in Spellcasting
  4602 | D:4      | Engulfed by a cloud of flame

Illustrated notes

Levels and vault maps discovered:
D:1:      dpeg_arrival_rhombi, layout_rooms, serial_corexii_hall,
          corexii_hall_statues_t, corexii_hall_statues_x, minmay_distorted
D:2:      layout_rooms, shapermc_ecumenical_altar_mp_vishouse, st_stairs_1
D:3:      layout_basic, portal_sewer_entry_a, grunt_decor_cap,
          grunt_ministairs_8, kennysheep_generic_room_10
D:4:      layout_layer_cave, minmay_temple_entry_overgrown, uniq_pargi,
          uniq_pikel, uniq_duvessa, uniq_blork_the_orc, uniq_grinder
Temple:   regret_index_temple_waves

Skill      XL: |  1  2  3  4  5  6  7 |
---------------+----------------------+-----
Conjurations   | 2 3 4 5 |  5.1
Fire Magic     | 4 5 |  5.9
Fighting       | 1 2 |  2.2
Spellcasting   | 4 5 |  5.0
Dodging        | |  2.4
Stealth        | |  2.4

Action                   |  1- 3 |  4- 6 |  7- 9 || total
-------------------------+-------+-------+-------++-------
Melee: Unarmed           |       |    19 |       ||    19
 Cast: Foxfire           |    94 |    69 |     4 ||   167
       Scorch            |       |    19 |     6 ||    25
       Inner Flame       |       |     1 |     1 ||     2
  Use: Scroll            |       |     6 |       ||     6
       Potion            |       |     1 |       ||     1
Armor: Robe              |     3 |    11 |       ||    14
Dodge: Dodged            |    11 |    29 |     4 ||    44
Block: Other             |       |     1 |     1 ||     2

Table legend: (Time is in decaauts)
 A = Elapsed time spent in this place.
 B = Non-inter-level travel time spent in this place.
 C = Inter-level travel time spent in this place.
 D = Time resting spent in this place.
 E = Time spent auto-exploring this place.
 F = Levels seen in this place.
 G = Mean time per level.
                   A        B        C        D        E       F      G
               +--------+--------+--------+--------+--------+-----+--------+
         Total |   4627 |   4520 |    107 |    411 |   3406 |   6 |  771.2 |
       Dungeon |   4042 |   3962 |     80 |    362 |   2974 |   4 | 1010.5 |
        Temple |    123 |     97 |     26 |      0 |     87 |   1 |  123.0 |
         Sewer |    461 |    461 |      0 |     49 |    344 |   1 |  461.0 |
               +--------+--------+--------+--------+--------+-----+--------+

Top non-repeatable levels by time:
     D:2: 1162 daAuts
     D:3: 1121 daAuts
     D:1: 949 daAuts
     D:4: 809 daAuts
   Sewer: 461 daAuts
  Temple: 123 daAuts
